NCAA
WAKE FOREST DEMON DEACONS @ WASHINGTON STATE COUGARS
05/14/2023
 
TOP OF THE 1ST
Wake Forest Demon Deacons batting - Pitching for Washington State Cougars : LHP Vern Murdoch
Pitching: LHP Vern Murdoch
Batting: LHB Greg Faulkner 0-0: Ball
1-0: Ball
2-0: Foul Ball, location: 2F
2-1: Foul Ball, location: 2F
2-2: Ball
3-2: Strikes out swinging
Batting: SHB Guillermo Leal 0-0: Ball
1-0: Called Strike
1-1: Called Strike
1-2: Ball
2-2: Foul Ball, location: 2F
2-2: Foul Ball, location: 2F
2-2: Strikes out looking
Batting: RHB Jesse McKnight 0-0: SINGLE (Groundball, 23) (infield hit)
Batting: RHB Jim Villiers 0-0: Called Strike
0-1: Ball
1-1: Ball
2-1: Ball
3-1: Foul Ball, location: 2F
3-2: Base on Balls
Jesse McKnight to second
Batting: RHB Lou O'Higgins 0-0: Foul Ball, location: 2F
0-1: Foul Ball, location: 2F
0-2: Strikes out looking
Top of the 1st over - 0 run(s), 1 hit(s), 0 error(s), 2 left on base; Wake Forest 0 - Washington State 0
BOTTOM OF THE 1ST
Washington State Cougars batting - Pitching for Wake Forest Demon Deacons : RHP Jon Allen
Pitching: RHP Jon Allen
Batting: RHB Ramón Román 0-0: Ground out 4-3 (Groundball, 4)
Batting: RHB Tommy Wilson 0-0: Ball
1-0: Ball
2-0: Ground out 1-3 (Groundball, 15)
Batting: SHB Tony Matos 0-0: Called Strike
0-1: DOUBLE (Flyball, 7M)
Batting: LHB Allen Shepherd 0-0: Fly out, F6 (Popup, 56)
Bottom of the 1st over - 0 run(s), 1 hit(s), 0 error(s), 1 left on base; Wake Forest 0 - Washington State 0
TOP OF THE 2ND
Wake Forest Demon Deacons batting - Pitching for Washington State Cougars : LHP Vern Murdoch
Batting: LHB Garrett King 0-0: Ball
1-0: Called Strike
1-1: Ball
2-1: Called Strike
2-2: Ball
3-2: Base on Balls
Batting: SHB Terry Dailey 0-0: Swinging Strike
0-1: Ball
1-1: Foul Ball, location: 2F
1-2: Ball
2-2: Foul Ball, location: 2F
2-2: Strikes out swinging
Batting: LHB Ken Smith 0-0: Called Strike
0-1: Ball
1-1: DOUBLE (Flyball, 8LM)
Garrett King to third
Batting: LHB Roberto Félix 0-0: SINGLE (Line Drive, 7S)
Garrett King scores
Ken Smith to third
Runner from 3rd tries for Home, throw and OUT!
Roberto Félix to second
Batting: LHB Greg Faulkner 0-0: Called Strike
0-1: Ball
1-1: Ball
2-1: Swinging Strike
2-2: Ground out 1-3 (Groundball, 13S)
Top of the 2nd over - 1 run(s), 2 hit(s), 0 error(s), 1 left on base; Wake Forest 1 - Washington State 0
BOTTOM OF THE 2ND
Washington State Cougars batting - Pitching for Wake Forest Demon Deacons : RHP Jon Allen
Batting: SHB Martín Cruz 0-0: Called Strike
0-1: Ball
1-1: Called Strike
1-2: Ball
2-2: Ball
3-2: Foul Ball, location: 2F
3-2: Foul Ball, location: 2F
3-2: Foul Ball, location: 2F
3-2: Foul Ball, location: 2F
3-2: Foul Ball, location: 2F
3-2: Base on Balls
Batting: RHB José Velázquez 0-0: Swinging Strike
0-1: 2-RUN HOME RUN (Flyball, 7D), Distance : 350 ft
Batting: RHB Jayson Clark 0-0: Ground out 5-3 (Groundball, 6)
Batting: RHB Enrique Cruz 0-0: Called Strike
0-1: Ball
1-1: Ball
2-1: Ball
3-1: Fly out, F8 (Flyball, 89M)
Batting: RHB Keith Ivey 0-0: Ball
1-0: Ball
2-0: Ball
3-0: Base on Balls
Batting: RHB Ramón Román 0-0: Called Strike
0-1: Called Strike
0-2: Ball
1-2: Strikes out swinging
Bottom of the 2nd over - 2 run(s), 1 hit(s), 0 error(s), 1 left on base; Wake Forest 1 - Washington State 2
TOP OF THE 3RD
Wake Forest Demon Deacons batting - Pitching for Washington State Cougars : LHP Vern Murdoch
Batting: SHB Guillermo Leal 0-0: Called Strike
0-1: SOLO HOME RUN (Flyball, 78XD), Distance : 386 ft
Batting: RHB Jesse McKnight 0-0: Called Strike
0-1: Ball
1-1: Ball
2-1: Ball
3-1: Base on Balls
Batting: RHB Jim Villiers 0-0: Ball
1-0: Ball
2-0: Ball
Jesse McKnight steals 2nd base
3-0: Base on Balls
Batting: RHB Lou O'Higgins 0-0: Ball
1-0: Fielders Choice at 2nd, 4-6 (Groundball, 4)
Jesse McKnight to third
Batting: LHB Garrett King 0-0: Called Strike
0-1: Ball
1-1: Ball
2-1: 3-RUN HOME RUN (Flyball, 9D), Distance : 354 ft
Batting: SHB Terry Dailey 0-0: Foul Ball, location: 2F
0-1: Ball
1-1: SINGLE (Line Drive, 34D)
Batting: LHB Ken Smith 0-0: Fly out, F8 (Flyball, 8LM)
Batting: LHB Roberto Félix 0-0: Ball
1-0: Ball
Terry Dailey is caught stealing 2nd base
Top of the 3rd over - 4 run(s), 3 hit(s), 0 error(s), 0 left on base; Wake Forest 5 - Washington State 2
BOTTOM OF THE 3RD
Washington State Cougars batting - Pitching for Wake Forest Demon Deacons : RHP Jon Allen
Batting: RHB Tommy Wilson 0-0: Called Strike
0-1: Foul Ball, location: 2F
0-2: Ball
1-2: Strikes out looking
Batting: SHB Tony Matos 0-0: Ball
1-0: Foul Ball, location: 2F
1-1: Foul Ball, location: 2F
1-2: Ball
2-2: Strikes out swinging
Batting: LHB Allen Shepherd 0-0: Called Strike
0-1: Called Strike
0-2: Fly out, F6 (Popup, 6MS)
Bottom of the 3rd over - 0 run(s), 0 hit(s), 0 error(s), 0 left on base; Wake Forest 5 - Washington State 2
TOP OF THE 4TH
Wake Forest Demon Deacons batting - Pitching for Washington State Cougars : LHP Vern Murdoch
Batting: LHB Roberto Félix 0-0: SINGLE (Line Drive, 6D)
Batting: LHB Greg Faulkner 0-0: Ball
1-0: Called Strike
1-1: Called Strike
1-2: Strikes out swinging
Batting: SHB Guillermo Leal 0-0: Called Strike
0-1: Called Strike
0-2: Foul Ball, location: 2F
0-2: Ball
1-2: Hit by Pitch
Roberto Félix to second
Batting: RHB Jesse McKnight 0-0: Ball
1-0: Ball
2-0: Ball
3-0: Base on Balls
Roberto Félix to third
Guillermo Leal to second
Pitching: RHP Allen Olsen
Batting: RHB Jim Villiers 0-0: Ball
1-0: Ball
2-0: Called Strike
2-1: Ball
3-1: Foul Ball, location: 2F
3-2: Foul Ball, location: 2F
3-2: Base on Balls
Roberto Félix scores
Guillermo Leal to third
Jesse McKnight to second
Batting: RHB Lou O'Higgins 0-0: Swinging Strike
0-1: Ball
1-1: Ball
2-1: Swinging Strike
2-2: Strikes out swinging
Batting: LHB Garrett King 0-0: Ball
1-0: Called Strike
1-1: Ball
2-1: GRAND SLAM HOME RUN (Flyball, 9LD), Distance : 332 ft
Batting: SHB Terry Dailey 0-0: Called Strike
0-1: Ball
1-1: Fly out, F5 (Line Drive, 56)
Top of the 4th over - 5 run(s), 2 hit(s), 0 error(s), 0 left on base; Wake Forest 10 - Washington State 2
BOTTOM OF THE 4TH
Washington State Cougars batting - Pitching for Wake Forest Demon Deacons : RHP Jon Allen
Batting: SHB Martín Cruz 0-0: Ball
1-0: Ground out U3 (Groundball, 3)
Batting: RHB José Velázquez 0-0: Called Strike
0-1: Called Strike
0-2: DOUBLE (Line Drive, 78M)
Batting: RHB Jayson Clark 0-0: Fly out, F8 (Flyball, 8LM)
Batting: RHB Enrique Cruz 0-0: Ball
1-0: Foul Ball, location: 2F
1-1: Swinging Strike
1-2: Strikes out swinging
Bottom of the 4th over - 0 run(s), 1 hit(s), 0 error(s), 1 left on base; Wake Forest 10 - Washington State 2
TOP OF THE 5TH
Wake Forest Demon Deacons batting - Pitching for Washington State Cougars : RHP Allen Olsen
Batting: LHB Ken Smith 0-0: Foul Ball, location: 2F
0-1: Swinging Strike
0-2: Strikes out swinging
Batting: LHB Roberto Félix 0-0: Ball
1-0: Ball
2-0: Called Strike
2-1: Swinging Strike
2-2: Strikes out swinging
Batting: LHB Greg Faulkner 0-0: Foul Ball, location: 2F
0-1: Swinging Strike
0-2: Foul Ball, location: 2F
0-2: Strikes out swinging
Top of the 5th over - 0 run(s), 0 hit(s), 0 error(s), 0 left on base; Wake Forest 10 - Washington State 2
BOTTOM OF THE 5TH
Washington State Cougars batting - Pitching for Wake Forest Demon Deacons : RHP Jon Allen
Batting: RHB Keith Ivey 0-0: Ball
1-0: Ball
2-0: Ball
3-0: Called Strike
3-1: Ground out 1-3 (Groundball, 13)
Batting: RHB Ramón Román 0-0: Ball
1-0: Fly out, F9 (Flyball, 9M)
Batting: RHB Tommy Wilson 0-0: Ball
1-0: Fly out, F9 (Flyball, 9M)
Bottom of the 5th over - 0 run(s), 0 hit(s), 0 error(s), 0 left on base; Wake Forest 10 - Washington State 2
TOP OF THE 6TH
Wake Forest Demon Deacons batting - Pitching for Washington State Cougars : RHP Allen Olsen
Batting: SHB Guillermo Leal 0-0: Called Strike
0-1: Fly out, F9 (Flyball, 89M)
Batting: RHB Jesse McKnight 0-0: SOLO HOME RUN (Flyball, 7LD), Distance : 321 ft
Pitching: RHP Jorge Flores
Batting: RHB Jim Villiers 0-0: Ball
1-0: Ground out 6-3 (Groundball, 6)
Batting: RHB Lou O'Higgins 0-0: Foul Ball, location: 2F
0-1: Ball
1-1: Swinging Strike
1-2: Ground out 6-3 (Groundball, 6M)
Top of the 6th over - 1 run(s), 1 hit(s), 0 error(s), 0 left on base; Wake Forest 11 - Washington State 2
BOTTOM OF THE 6TH
Washington State Cougars batting - Pitching for Wake Forest Demon Deacons : RHP Jon Allen
Batting: SHB Tony Matos 0-0: Ground out U3 (Groundball, 3L)
Batting: LHB Allen Shepherd 0-0: Ball
1-0: Ball
2-0: Swinging Strike
2-1: Ball
3-1: Base on Balls
Batting: SHB Martín Cruz 0-0: Foul Ball, location: 2F
0-1: Ball
1-1: Ball
2-1: Ball
3-1: Base on Balls
Allen Shepherd to second
Batting: RHB José Velázquez 0-0: 3-RUN HOME RUN (Flyball, 78XD), Distance : 374 ft
Batting: RHB Jayson Clark 0-0: Called Strike
0-1: Ball
1-1: Swinging Strike
1-2: Ball
2-2: Ball
3-2: Foul Ball, location: 2F
3-2: Foul Ball, location: 2F
3-2: Fly out, F9 (Flyball, 89M)
Batting: RHB Enrique Cruz 0-0: Ball
1-0: Ball
2-0: SINGLE (Line Drive, 56)
Pitching: RHP Gary Gibson
Batting: RHB Keith Ivey 0-0: Ball
1-0: Called Strike
1-1: Ball
2-1: Ball
3-1: Called Strike
3-2: Strikes out swinging
Bottom of the 6th over - 3 run(s), 2 hit(s), 0 error(s), 1 left on base; Wake Forest 11 - Washington State 5
TOP OF THE 7TH
Wake Forest Demon Deacons batting - Pitching for Washington State Cougars : RHP Jorge Flores
Batting: LHB Garrett King 0-0: Hit by Pitch
Batting: SHB Terry Dailey 0-0: Ball
1-0: Ball
2-0: Bunted foul
2-1: Sac Bunt - play at first, batter OUT! 1-4
Garrett King to second
Batting: LHB Ken Smith 0-0: Called Strike
0-1: Called Strike
0-2: Fly out, F6 (Popup, 6MS)
Batting: LHB Roberto Félix 0-0: Ball
1-0: Called Strike
1-1: Ball
2-1: Foul Ball, location: 2F
2-2: Ball
3-2: Strikes out swinging
Top of the 7th over - 0 run(s), 0 hit(s), 0 error(s), 1 left on base; Wake Forest 11 - Washington State 5
BOTTOM OF THE 7TH
Washington State Cougars batting - Pitching for Wake Forest Demon Deacons : RHP Gary Gibson
Batting: RHB Ramón Román 0-0: Ball
1-0: Foul Ball, location: 2F
1-1: Ball
2-1: Foul Ball, location: 2F
2-2: Ball
3-2: Base on Balls
Batting: RHB Tommy Wilson 0-0: Called Strike
0-1: Foul Ball, location: 2F
0-2: Foul Ball, location: 2F
0-2: Ball
Ramón Román steals 2nd base
1-2: Strikes out swinging
Batting: SHB Tony Matos 0-0: Ball
Ramón Román steals 3rd base
1-0: Ball
2-0: Ball
3-0: Base on Balls
Batting: LHB Allen Shepherd 0-0: Ball
1-0: Grounds out, U3 (Groundball, 3L)
Ramón Román scores
Batting: SHB Martín Cruz 0-0: Ball
1-0: Ball
2-0: Called Strike
2-1: Ball
3-1: Fly out, F9 (Flyball, 9S)
Bottom of the 7th over - 1 run(s), 0 hit(s), 0 error(s), 1 left on base; Wake Forest 11 - Washington State 6
TOP OF THE 8TH
Wake Forest Demon Deacons batting - Pitching for Washington State Cougars : RHP Jorge Flores
Batting: LHB Greg Faulkner 0-0: Foul Ball, location: 2F
0-1: Foul Ball, location: 2F
0-2: Fly out, F9 (Flyball, 89M)
Pitching: RHP Nelson Carrillo
Batting: SHB Guillermo Leal 0-0: Ball
1-0: Called Strike
1-1: Ball
2-1: SOLO HOME RUN (Flyball, 78XD), Distance : 374 ft
Batting: RHB Jesse McKnight 0-0: Called Strike
0-1: Swinging Strike
0-2: Ball
1-2: Ball
2-2: Fly out, F3 (Popup, 3F)
Batting: RHB Jim Villiers 0-0: DOUBLE (Line Drive, 78M)
Batting: RHB Lou O'Higgins 0-0: Called Strike
0-1: Foul Ball, location: 2F
0-2: Foul Ball, location: 2F
0-2: Ball
1-2: Ball
2-2: Foul Ball, location: 2F
2-2: Foul Ball, location: 2F
2-2: Foul Ball, location: 2F
2-2: Ball
3-2: Strikes out looking
Top of the 8th over - 1 run(s), 2 hit(s), 0 error(s), 1 left on base; Wake Forest 12 - Washington State 6
BOTTOM OF THE 8TH
Washington State Cougars batting - Pitching for Wake Forest Demon Deacons : RHP Gary Gibson
Now in CF: Eric Rowe
Batting: RHB José Velázquez 0-0: Ball
1-0: Ball
2-0: Ball
3-0: Swinging Strike
3-1: Base on Balls
Batting: RHB Jayson Clark 0-0: SINGLE (Groundball, 34D) (infield hit)
José Velázquez to second
Batting: RHB Enrique Cruz 0-0: Swinging Strike
0-1: Foul Ball, location: 2F
0-2: Strikes out swinging
Batting: RHB Keith Ivey 0-0: Called Strike
0-1: Ball
1-1: Foul Ball, location: 2F
1-2: Foul Ball, location: 2F
1-2: Ball
2-2: Foul Ball, location: 2F
2-2: Fly out, F3 (Popup, 4)
Batting: RHB Ramón Román 0-0: Swinging Strike
0-1: Ball
1-1: Fly out, F9 (Flyball, 9M)
Bottom of the 8th over - 0 run(s), 1 hit(s), 0 error(s), 2 left on base; Wake Forest 12 - Washington State 6
TOP OF THE 9TH
Wake Forest Demon Deacons batting - Pitching for Washington State Cougars : RHP Nelson Carrillo
Batting: LHB Garrett King 0-0: Ground out 1-3 (Groundball, 25)
Batting: SHB Terry Dailey Single, Error in OF, E7, batter to second base
Batting: LHB Ken Smith 0-0: Called Strike
0-1: Ball
1-1: Called Strike
1-2: Foul Ball, location: 2F
1-2: Ground out U3 (Groundball, 3)
Terry Dailey to third
Batting: LHB Roberto Félix 0-0: Fly out, F7 (Flyball, 7M)
Top of the 9th over - 0 run(s), 1 hit(s), 1 error(s), 1 left on base; Wake Forest 12 - Washington State 6
BOTTOM OF THE 9TH
Washington State Cougars batting - Pitching for Wake Forest Demon Deacons : RHP Gary Gibson
Pitching: RHP Jorge Flores
Now at 2B: Ramón Sheppard
Batting: RHB Tommy Wilson 0-0: Ball
1-0: Swinging Strike
1-1: Swinging Strike
1-2: Ball
2-2: Ball
3-2: SINGLE (Groundball, 34)
Batting: SHB Tony Matos 0-0: Called Strike
0-1: Called Strike
0-2: Strikes out swinging
Batting: LHB Allen Shepherd 0-0: Foul Ball, location: 2F
0-1: Ball
1-1: Ball
2-1: Foul Ball, location: 2F
2-2: Foul Ball, location: 2F
2-2: Strikes out looking
Batting: SHB Martín Cruz 0-0: Ball
1-0: Called Strike
1-1: Foul Ball, location: 2F
1-2: Fly out, F6 (Popup, 6MD)
Bottom of the 9th over - 0 run(s), 1 hit(s), 0 error(s), 1 left on base; Wake Forest 12 - Washington State 6
This league is powered by Out of the Park Baseball, the baseball management simulation game for PC, Mac and Linux
Wednesday, December 2nd, 2015 - OOTP Baseball 16.8 Build 38